 Seeded DCSS version 0.27-a0-1219-g958d993ae5 (webtiles) character file.

Game seed: 49 (custom seed)

53 Snicker the Sneak (level 3, -7/27 HPs)
             Began as a Demonspawn Brigand on June 6, 2021.
             Mangled by Terence
             ... wielding a +1 hand axe of electrocution
              (20 damage)
             ... on level 2 of the Dungeon.
             The game lasted 00:02:15 (1344 turns).

Snicker the Sneak (Demonspawn Brigand)              Turns: 1344, Time: 00:02:22

Health: -7/27      AC:  3    Str: 11    XL:     3   Next: 62%
Magic:  3/3        EV: 12    Int: 12    God:
Gold:   56         SH:  4    Dex: 15    Spells: 2/2 levels left

rFire    . . .     SeeInvis .   a - +2 dagger
rCold    . . .     Faith    .   (no shield)
rNeg     . . .     Spirit   .   b - +0 robe
rPois    .         Reflect  .   (no helmet)
rElec    .         Harm     .   c - +0 cloak
rCorr    .         Rampage  .   (no gloves)
Will     .....                  (no boots)
Stlth    +++.......             (no amulet)
HPRegen  0.09/turn              (no ring)
MPRegen  0.08/turn              (no ring)

@: no status effects
A: hooves 1, large bone plates 1
a: no special abilities


You were on level 2 of the Dungeon.
You visited 1 branch of the dungeon, and saw 2 of its levels.

You collected 56 gold pieces.

Inventory:

Hand Weapons
 a - a +2 dagger (weapon)
 f - a +0 dagger of draining
Missiles
 d - 7 poisoned darts (quivered)
Armour
 b - a +0 robe (worn)
 c - a +0 cloak (worn)
Scrolls
 g - a scroll of acquirement {unknown}
 h - 2 scrolls of enchant armour {unknown}
 k - 2 scrolls of identify {unknown}
 l - a scroll of teleportation {unknown}
Potions
 i - a potion of curing {unknown}
 j - a potion of brilliance {unknown}


   Skills:
 + Level 2.0 Fighting
 + Level 2.1 Short Blades
 + Level 1.8 Throwing
 + Level 1.1 Dodging
 + Level 4.7 Stealth
 + Level 0.1 Shields


You had 2 spell levels left.
You didn't know any spells.
Your spell library was empty.

Dungeon Overview and Level Annotations

Branches:
Dungeon (2/15)

Altars:

Annotations:
D:2 Terence


Innate Abilities, Weirdness & Mutations

You have large cloven feet.
You are partially covered in large bone plates. (SH +4)


Message History

You barely miss the bat. The bat closely misses you.
The bat closely misses you. You block the bat's attack.
The bat hits you but does no damage. The bat barely misses you. x2
Throw: 2 darts (curare)
Press: ? - help, Q - select action, (/) - cycle Shift-Dir - straight line, f - Terence
Aim: Terence, wielding a +1 hand axe of electrocution and wearing a +0 chain mail (67% to hit)
You throw a curare-tipped dart.
The curare-tipped dart barely misses Terence.
The bat hits you.
Throw: dart (curare)
Press: ? - help, Q - select action, (/) - cycle Shift-Dir - straight line, f/p - Terence
Aim: Terence, wielding a +1 hand axe of electrocution and wearing a +0 chain mail (67% to hit)
You throw a curare-tipped dart. The curare-tipped dart hits Terence.
Terence is poisoned.
Terence convulses.
Terence seems to slow down.
Terence is moderately wounded.
The bat hits you but does no damage.
You hit Terence but do no damage.
Terence is heavily wounded.
The bat hits you but does no damage. Terence barely misses you.
You barely miss Terence. You kick Terence.
Terence is heavily wounded.
You block the bat's attack. The bat completely misses you.
Terence hits you with a +1 hand axe of electrocution.
You are electrocuted!
You hit Terence but do no damage.
Terence is heavily wounded.
The bat hits you but does no damage. x2; The bat closely misses you.
You hit Terence but do no damage.
Terence is severely wounded.
The bat closely misses you. You block Terence's attack.
You hit Terence but do no damage.
Terence is severely wounded.
The bat misses you.
Terence hits you with a +1 hand axe of electrocution.
You are electrocuted!!
Ouch! That really hurt!
You die...

#....#......... #
#....#......... ..
+........(...>. ..
.##............$. ##
...........@.....
.####.#..........
#............ ..
###@##.#+#### #.#
#..@...#+#####
#..###.#...........
#.##....)#.b......... #
#.##..###............ #
#.##..###............
#######.#..................
......#....................
#####.#..........?.........
#.#<...(......#########


You could see Terence (very poisoned, slow) and a bat.

Vanquished Creatures
  2 adders (D:2)
  A worm (D:2)
  2 ball pythons
  7 bats
  3 endoplasms (D:2)
  A giant cockroach (D:1)
  3 goblins
  A hobgoblin (D:1)
  5 kobolds
  3 quokkas
  2 rats (D:1)
30 creatures vanquished.

Notes
Turn   | Place    | Note
-------+----------+-------------------------------------------
     0 | D:1      | Snicker the Demonspawn Brigand began the quest for the Orb.
     0 | D:1      | Reached XP level 1. HP: 16/16 MP: 1/1
   103 | D:1      | Reached skill level 1 in Dodging
   202 | D:1      | Reached skill level 4 in Stealth
   376 | D:1      | Gained mutation: You are partially covered in large bone
                  | plates. (SH +4) [demonic ancestry]
   376 | D:1      | Reached XP level 2. HP: 22/22 MP: 2/2
   967 | D:2      | Gained mutation: You have large cloven feet. [demonic
                  | ancestry]
   967 | D:2      | Reached XP level 3. HP: 20/27 MP: 3/3
  1080 | D:2      | Found a faded altar of an unknown god.
  1330 | D:2      | Noticed Terence
  1344 | D:2      | Mangled by Terence

Illustrated notes

Levels and vault maps discovered:
D:1:      sevenhm_arrival_forest_fort_small_4, layout_loops_ring
D:2:      layout_basic, shapermc_ecumenical_altar_gd, serial_bayou_pond_e,
          uniq_terence

Skill      XL: |  1  2  3 |
---------------+----------+-----
Dodging        | 1 |  1.1
Stealth        | 4 |  4.7
Short Blades   | 2 |  2.1
Fighting       | |  2.0
Throwing       | |  1.8
Shields        | |  0.1

Action                   || total
-------------------------++-------
Melee: Dagger            ||    87
       Kick              ||     8
Throw: Dart              ||     5
 Stab: Sleeping          ||    12
Armor: Robe              ||    28
Dodge: Dodged            ||    46
Block: Other             ||    13

Table legend: (Time is in decaauts)
 A = Elapsed time spent in this place.
 B = Non-inter-level travel time spent in this place.
 C = Inter-level travel time spent in this place.
 D = Time resting spent in this place.
 E = Time spent auto-exploring this place.
 F = Levels seen in this place.
 G = Mean time per level.
                   A        B        C        D        E       F      G
               +--------+--------+--------+--------+--------+-----+--------+
         Total |   1341 |   1325 |     16 |      0 |   1052 |   2 |  670.5 |
       Dungeon |   1341 |   1325 |     16 |      0 |   1052 |   2 |  670.5 |
               +--------+--------+--------+--------+--------+-----+--------+

Top non-repeatable levels by time:
     D:1: 955 daAuts
     D:2: 385 daAuts
